 Dungeon Crawl Stone Soup version 0.30-a0-311-gf115ab0292 (webtiles) character file.

Game seed: 9861669863500853575

12 Sobieck the Grave Robber (level 2, 0/19 HPs)
             Began as a Mummy Necromancer on Oct 25, 2022.
             Slain by a kobold
             ... wielding a +0 whip
              (5 damage)
             ... on level 1 of the Dungeon.
             The game lasted 00:01:19 (173 turns).

Sobieck the Grave Robber (Mummy Necromancer)         Turns: 173, Time: 00:01:20

Health: 0/19       AC:  2    Str: 11    XL:     2   Next: 20%
Magic:  0/6        EV: 12    Int: 14    God:
Gold:   0          SH:  0    Dex: 12    Spells: 7/8 levels left

rFire   x . .      SeeInvis .    (no weapon)
rCold   + . .      Faith    +    (no shield)
rNeg    + + +      Spirit   .    a - +0 robe
rPois   ∞          Reflect  .    (no helmet)
rElec   .          Harm     .    (no cloak)
rCorr   .          Rampage  .    (no gloves)
Will    .....                    (no boots)
Stlth   ++........               (no amulet)
HPRegen 0.23/turn                (no ring)
MPRegen 0.10/turn                (no ring)

@: no status effects
A: cold resistance 1, negative energy resistance 3, torment resistance 2, heat
vulnerability 1, no potions, faith
a: no special abilities


You were on level 1 of the Dungeon.
You visited 1 branch of the dungeon, and saw 1 of its levels.


Innate Abilities, Weirdness & Mutations

You are immune to poison.
Your flesh is cold resistant. (rC+)
You are immune to negative energy. (rN+++)
You are immune to unholy pain and torment.
You are vulnerable to heat. (rF-)
You do not drink.
You have a special connection with the divine. (Faith)


   Skills:
 - Level 1.5 Dodging
 - Level 1.5 Stealth
 + Level 3.8 Spellcasting
 - Level 4.0 Necromancy


You had 7 spell levels left.
You knew the following spells:

 Your Spells              Type           Power      Damage    Failure   Level
a - Necrotise             Necr           52%        1d6       3%          1

Your spell library contained the following spells:

 Spells                   Type           Power      Damage    Failure   Level
 Vampiric Draining        Necr           13%        2d6       12%         3
 Animate Dead             Necr           13%        N/A       36%         4
 Agony                    Necr           13%        N/A       71%         5

Inventory:

Hand Weapons
 b - a +0 club {mace}
   (You found it on level 1 of the Dungeon)
 e - a +0 whip {mace}
   (You took it off a kobold on level 1 of the Dungeon)
Missiles
 d - a throwing net {=f!fthrowing}
Armour
 a - a +0 robe (worn)
 c - a +0 ring mail
   (You found it on level 1 of the Dungeon)
 f - a +0 robe
   (You found it on level 1 of the Dungeon)

Dungeon Overview and Level Annotations

Branches:
Dungeon (1/15) Zot: 5826

Altars:

##..# ##
...##.##
# .......
.. .....
.## .)..
.... #Z.
.....
#K#.!....
#@'......
###......
.....
.... ###


You could see a kobold (ally target) and a friendly kobold skeleton.


Message History

You closely miss the bat. The bat hits you.
The bat hits you but does no damage.
You barely miss the bat. The bat misses you. The bat barely misses you.
Unknown command.
You closely miss the bat. The bat hits you but does no damage.
The bat barely misses you.
Unknown command.
You barely miss the bat. The bat closely misses you.
You hit the bat but do no damage. The bat closely misses you.
Unknown command.
You barely miss the bat. The bat barely misses you. The bat closely misses you.
You hit the bat. The bat misses you. The bat closely misses you.
Unknown command.
You hit the bat.
You kill the bat!
You have reached level 2!
You barely miss the ball python. The ball python bites you.
The ball python misses you.
You hit the ball python. The ball python barely misses you.
The ball python closely misses you. x2
The ball python grabs you. The ball python constricts you.
You closely miss the ball python. The ball python closely misses you.
The ball python constricts you.
You barely miss the ball python.
The ball python bites you but does no damage.
The ball python constricts you.
Unknown command.
You hit the ball python.
You kill the ball python!
The ball python bites you. The ball python grabs you.
The ball python constricts you.
You closely miss the ball python. The ball python barely misses you.
The ball python constricts you.
You hit the ball python. The ball python closely misses you.
The ball python constricts you.
Unknown command.
You hit the ball python.
The ball python bites you but does no damage.
The ball python constricts you.
You hit the ball python but do no damage.
The ball python bites you. The ball python constricts you.
Unknown command.
You hit the ball python.
You kill the ball python!
The kobold throws a stone.
The stone misses you.
You hit the rat but do no damage. The rat bites you but does no damage.
Unknown command.
You closely miss the rat. The rat bites you.
You barely miss the rat. The rat bites you.
* * * LOW HITPOINT WARNING * * *
Unknown command.
You hit the rat.
You kill the rat!
Casting: Necrotise (safe; 3% risk of failure)
Confirm with . or Enter, or press ? or * to list all spells.
Aiming: Necrotise (safe; 3% risk of failure)
Press: ? - help, Shift-Dir - straight line, f - kobold
Aim: a kobold, wielding a +0 club and quivering stones (chance to affect: 83%)
The kobold writhes in agony.
The kobold closely misses you.
Casting: Necrotise (safe; 3% risk of failure)
Confirm with . or Enter, or press ? or * to list all spells.
Aiming: Necrotise (safe; 3% risk of failure)
Press: ? - help, Shift-Dir - straight line, f/p - kobold
Aim: a kobold, wielding a +0 club and quivering stones (moderately wounded, chance to affect: 83%)
The kobold writhes in agony.
You kill the kobold!
The dead are walking!
Unknown command.
You hit the kobold but do no damage. The kobold barely misses you.
You barely miss the kobold. The kobold closely misses you.
Unknown command.
You closely miss the kobold. Your punch misses the kobold.
Your kobold skeleton barely misses the kobold.
The kobold hits you but does no damage.
You hit the kobold.
Your kobold skeleton closely misses the kobold.
The kobold misses you.
Unknown command.
You barely miss the kobold.
Your kobold skeleton closely misses the kobold.
The kobold barely misses you.
Casting: Necrotise (safe; 3% risk of failure)
Confirm with . or Enter, or press ? or * to list all spells.
Aiming: Necrotise (safe; 3% risk of failure)
Press: ? - help, Shift-Dir - straight line, f - kobold
Aim: a kobold, wielding a +0 whip (moderately wounded, ally target, chance to affect: 83%)
The kobold writhes in agony.
The kobold hits you with a +0 whip.
* * * LOW HITPOINT WARNING * * *
Unknown command.
You closely miss the kobold.
Your kobold skeleton barely misses the kobold.
The kobold hits you with a +0 whip.
* * * LOW HITPOINT WARNING * * *
Unknown command.
You open the door.
Your kobold skeleton hits the kobold but does no damage.
The kobold hits you with a +0 whip.
You die...

Skill      XL: |  1 |
---------------+----+-----
Spellcasting   | 3 |  3.8
Dodging        | |  1.5
Stealth        | |  1.5
Necromancy     | |  4.0

Action                   || total
-------------------------++-------
Melee: Unarmed           ||    43
 Cast: Necrotise         ||    14
Armor: Robe              ||    13
Dodge: Dodged            ||    34

Levels and vault maps discovered:
D:1:      dpeg_arrival_arbitrary_c, layout_basic,
          hellmonk_ecumenical_altar_prayer_group

Notes
Turn   | Place    | Note
-------+----------+-------------------------------------------
     0 | D:1      | Sobieck the Mummy Necromancer began the quest for the Orb.
     0 | D:1      | Reached XP level 1. HP: 13/13 MP: 4/4
    27 | D:1      | Reached skill level 3 in Spellcasting
   150 | D:1      | Reached XP level 2. HP: 19/19 MP: 1/6
   173 | D:1      | Slain by a kobold

Vanquished Creatures
  2 bats (D:1)
  An endoplasm (D:1)
  3 ball pythons (D:1)
  A frilled lizard (D:1)
  3 kobolds (D:1)
  2 rats (D:1)
12 creatures vanquished.

Table legend:
 A = Non-vault XP
 B = Vault XP
 C = Vault XP percentage of total XP
 D = Non-vault monster count
 E = Vault monster count
 F = Vault count percentage of total count
                 A         B        C        D         E       F
            +---------+---------+-------+---------+---------+-------
      Total |      18 |       0 |   0.0 |      12 |       0 |   0.0
            +---------+---------+-------+---------+---------+-------
        D:1 |      18 |       0 |   0.0 |      12 |       0 |   0.0
            +---------+---------+-------+---------+---------+-------

Illustrated notes

Table legend:
 A = Kills in this place as a percentage of kills in entire the game.
 B = Kills by you in this place as a percentage of kills by you in the entire game.
 C = Kills by friends in this place as a percentage of kills by friends in the entire game.
 D = Other kills in this place as a percentage of other kills in the entire game.
 E = Experience gained in this place as a percentage of experience gained in the entire game.
 F = Experience gained in this place divided by the number of levels of this place that you have seen.
                   A       B       C       D       E      F
               +-------+-------+-------+-------+-------+----------------------
         Total | 100.0 | 100.0 |   N/A |   N/A | 100.0 |  18.0
       Dungeon | 100.0 | 100.0 |   N/A |   N/A | 100.0 |  18.0
               +-------+-------+-------+-------+-------+----------------------

Table legend: (Time is in decaauts)
 A = Elapsed time spent in this place.
 B = Non-inter-level travel time spent in this place.
 C = Inter-level travel time spent in this place.
 D = Time resting spent in this place.
 E = Time spent auto-exploring this place.
 F = Levels seen in this place.
 G = Mean time per level.
                   A        B        C        D        E       F      G
               +--------+--------+--------+--------+--------+-----+--------+
         Total |    173 |    173 |      0 |     38 |     56 |   1 |  173.0 |
       Dungeon |    173 |    173 |      0 |     38 |     56 |   1 |  173.0 |
               +--------+--------+--------+--------+--------+-----+--------+

Top non-repeatable levels by time:
     D:1: 173 daAuts
